[Event "January 2 Early 2024"]
[Site "https://www.chess.com"]
[Date "2024.01.02"]
[Round "1"]
[White "Prithu Gupta"]
[Black "Zepeda Berlanga, Jan Enrique"]
[Result "1-0"]
[Board "295"]
[TimeControl "180+1"]
[WhiteFideId "46618546"]
[BlackFideId "5132355"]
[WhiteElo "2544"]
[BlackElo "1965"]
[WhiteTeam "IND"]
[BlackTeam "MEX"]
[WhiteClock "0:01:29"]
[BlackClock "0:00:21"]

1. d4 e5 2. dxe5 Nc6 3. f4 Bc5 4. Nf3 Nge7 5. g3 O-O 6. Bg2 d5 7. e3 Bf5 8. c3 Bb6 9. Nd4 Nxd4 10. exd4 Qd7 11. O-O c5 12. Be3 c4 13. Nd2 Qb5 14. b3 Ba5 15. b4 Bb6 16. a4 Qd7 17. a5 Bc7 18. Qa4 Qe6 19. Rad1 Bd3 20. Rfe1 a6 21. Nf3 h6 22. Bf2 Qg6 23. Nh4 Qe6 24. h3 Ng6 25. Rxd3 cxd3 26. f5 Qe7 27. fxg6 fxg6 28. Nxg6 Qf7 29. Nf4 Rad8 30. Nxd3 1-0

[Event "January 2 Early 2024"]
[Site "https://www.chess.com"]
[Date "2024.01.02"]
[Round "1"]
[White "Cornelison, Paul"]
[Black "Ghevondyan, Arman"]
[Result "0-1"]
[Board "296"]
[TimeControl "180+1"]
[WhiteFideId "2004186"]
[BlackFideId "13312073"]
[WhiteElo "1949"]
[BlackElo "2542"]
[WhiteTeam "USA"]
[BlackTeam "ARM"]
[WhiteClock "0:02:08"]
[BlackClock "0:02:08"]

1. e4 c5 2. Nf3 Nc6 3. d4 cxd4 4. c3 d3 5. Bxd3 g6 6. O-O Bg7 7. Be3 Nf6 8. Nd4 d6 9. Nd2 O-O 10. Kh1 d5 11. Nxc6 bxc6 12. e5 Ng4 13. Bc5 Nxe5 14. Bc2 Nd7 15. Nb3 Nxc5 16. Nxc5 e5 17. Qd2 Rb8 18. b4 a5 19. a3 e4 20. Rfe1 f5 21. Rad1 Qe7 22. Bb3 Kh8 23. c4 d4 24. f3 axb4 25. axb4 e3 26. Qd3 Rxb4 27. Ba2 Qxc5 0-1

[Event "January 2 Early 2024"]
[Site "https://www.chess.com"]
[Date "2024.01.02"]
[Round "1"]
[White "Huber, Benedikt"]
[Black "Castillo Pena, Patricia Evarista"]
[Result "1-0"]
[Board "297"]
[TimeControl "180+1"]
[WhiteFideId "12923583"]
[BlackFideId "6412106"]
[WhiteElo "2539"]
[BlackElo "1923"]
[WhiteTeam "GER"]
[BlackTeam "DOM"]
[WhiteClock "0:01:26"]
[BlackClock "0:00:04"]

1. d4 d5 2. Nc3 Nf6 3. Bf4 c5 4. e4 dxe4 5. dxc5 Qxd1+ 6. Rxd1 Nc6 7. Nb5 e5 8. Nc7+ Ke7 9. Nxa8 exf4 10. Nc7 Be6 11. Nxe6 fxe6 12. Bb5 Nb4 13. Ba4 Kf7 14. a3 Nbd5 15. c4 Nc7 16. b4 Be7 17. Nh3 h6 18. Nxf4 g5 19. Ne2 e5 20. O-O Ne6 21. Rd2 Rc8 22. Rfd1 Rc7 23. Bd7 Nf4 24. Ng3 Nd3 25. Bf5 Nxb4 26. axb4 1-0

[Event "January 2 Early 2024"]
[Site "https://www.chess.com"]
[Date "2024.01.02"]
[Round "1"]
[White "Thake, Conrad"]
[Black "Baches Garcia, Guillermo"]
[Result "0-1"]
[Board "298"]
[TimeControl "180+1"]
[WhiteFideId "5602947"]
[BlackFideId "2209764"]
[WhiteElo "1879"]
[BlackElo "2538"]
[WhiteTeam "MLT"]
[BlackTeam "ESP"]
[WhiteClock "0:00:00"]
[BlackClock "0:00:38"]

1. c4 e6 2. Nc3 d5 3. d4 a6 4. cxd5 exd5 5. Nf3 Nf6 6. Bf4 c5 7. e3 c4 8. Ne5 b5 9. a3 Be7 10. g3 O-O 11. Bg2 Bb7 12. O-O Nbd7 13. Nxd7 Qxd7 14. Re1 Rad8 15. e4 dxe4 16. Nxe4 Nxe4 17. Bxe4 Bxe4 18. Rxe4 Bf6 19. Be3 Qd5 20. Qg4 a5 21. Re1 b4 22. axb4 axb4 23. h4 c3 24. bxc3 bxc3 25. Rc1 Rc8 26. Rc2 Qb3 27. Qe2 Rc4 28. Kh2 h5 29. Rc1 g6 30. Qd3 Rfc8 31. d5 Rxe4 32. Qxe4 c2 33. d6 Kg7 34. Bd4 Qe6 35. Bxf6+ Qxf6 36. Qf4 Qb2 0-1

[Event "January 2 Early 2024"]
[Site "https://www.chess.com"]
[Date "2024.01.02"]
[Round "1"]
[White "Leisch, Lukas"]
[Black "Abdilkhair, Abilmansur"]
[Result "1-0"]
[Board "299"]
[TimeControl "180+1"]
[WhiteFideId "1632094"]
[BlackFideId "13716417"]
[WhiteElo "2537"]
[BlackElo "1834"]
[WhiteTeam "AUT"]
[BlackTeam "KAZ"]
[WhiteClock "0:00:25"]
[BlackClock "0:00:07"]

1. d4 Nf6 2. Nc3 d5 3. Bf4 a6 4. e3 e6 5. g4 Bb4 6. Ne2 Nxg4 7. Rg1 Qh4 8. Bg3 Qe7 9. a3 Bxc3+ 10. Nxc3 h5 11. h3 Nh6 12. Bd3 g6 13. Be5 Rg8 14. Qf3 Nc6 15. Bf6 Qf8 16. Qf4 Kd7 17. O-O-O Nf5 18. e4 dxe4 19. Nxe4 Nd6 20. d5 Nd8 21. Be5 b5 22. Nf6+ Ke7 23. Qg5 Rh8 24. Nh7+ Ke8 25. Nxf8 Rxf8 26. Bg7 Rg8 27. Bf6 Bb7 28. Rge1 1-0

[Event "January 2 Early 2024"]
[Site "https://www.chess.com"]
[Date "2024.01.02"]
[Round "1"]
[White "Babayeva, Nasrin"]
[Black "Kilpatrick, Callum"]
[Result "0-1"]
[Board "300"]
[TimeControl "180+1"]
[WhiteFideId "13416626"]
[BlackFideId "414425"]
[WhiteElo "1799"]
[BlackElo "2536"]
[WhiteTeam "AZE"]
[BlackTeam "ENG"]
[WhiteClock "0:00:30"]
[BlackClock "0:00:17"]

1. d4 Nf6 2. c4 e6 3. e3 Bb4+ 4. Nc3 O-O 5. Nf3 d5 6. Bd3 dxc4 7. Bxc4 c5 8. O-O Nc6 9. a3 Bxc3 10. bxc3 Na5 11. Ba2 Qc7 12. Ne5 b6 13. a4 Bb7 14. Ba3 Rfd8 15. Qc2 Be4 16. Qe2 Rac8 17. Rfd1 h6 18. Rac1 Bb7 19. f3 Nc6 20. Nxc6 Qxc6 21. Qb5 Qc7 22. dxc5 Rxd1+ 23. Rxd1 bxc5 24. e4 Bc6 25. Qxc5 Bxa4 26. Qxc7 Rxc7 27. Rd8+ Kh7 28. Bb4 Nd7 29. Bb1 e5 30. Ba2 Kg6 31. Kf2 Bb5 32. Ke3 Nb6 33. Bd6 Rxc3+ 34. Kd2 Rd3+ 35. Kc2 f6 36. Bc7 Rxd8 37. Bxd8 Be8 38. Bxb6 axb6 39. Bd5 Bb5 40. Kb3 Kg5 41. g3 Be2 42. h4+ Kh5 43. Bf7+ g6 44. g4+ Kxh4 45. Bxg6 Bxf3 46. Bf5 Kg5 47. Kb4 Bxg4 48. Bxg4 Kxg4 49. Kb5 Kf4 50. Kxb6 Kxe4 51. Kc6 f5 52. Kd6 f4 53. Ke6 h5 54. Kf6 h4 55. Kg5 h3 56. Kh4 h2 57. Kg4 h1=Q 58. Kg5 f3 59. Kg4 f2 60. Kg5 f1=Q 61. Kg4 Kd3 62. Kg5 e4 63. Kg6 e3 64. Kg7 e2 65. Kg6 e1=Q 66. Kg5 Qg3# 0-1

[Event "January 2 Early 2024"]
[Site "https://www.chess.com"]
[Date "2024.01.02"]
[Round "1"]
[White "Martinez Reyes, Pedro Ramon"]
[Black "Yagnyatinskiy, Maxim"]
[Result "1-0"]
[Board "301"]
[TimeControl "180+1"]
[WhiteFideId "3901807"]
[BlackFideId "6508588"]
[WhiteElo "2534"]
[BlackElo "1631"]
[WhiteTeam "VEN"]
[BlackTeam "CRC"]
[WhiteClock "0:01:07"]
[BlackClock "0:00:13"]

1. Nf3 c5 2. d3 Nc6 3. g3 g6 4. Bg2 Bg7 5. O-O Nf6 6. e4 d6 7. Re1 O-O 8. c3 Bg4 9. Nbd2 Ne5 10. h3 Nxd3 11. hxg4 Nxe1 12. Nxe1 Qd7 13. g5 Ng4 14. Qe2 Ne5 15. f4 Qg4 16. Qf2 Nc6 17. Nf1 f6 18. Ne3 Qd7 19. gxf6 Rxf6 20. Nd5 Rff8 21. Kh2 e6 22. Bh3 Rac8 23. Nf3 Qe8 24. Ne3 Rc7 25. Ng5 Re7 26. Bd2 h6 27. Nf3 e5 28. Nd5 Ref7 29. Re1 exf4 30. gxf4 g5 31. Bf5 gxf4 32. Bxf4 Ne5 33. Nxe5 dxe5 34. Be3 Qd8 35. Qg3 Kh8 36. Qg6 Bf6 37. Bxh6 Rh7 38. Qxh7# 1-0

[Event "January 2 Early 2024"]
[Site "https://www.chess.com"]
[Date "2024.01.02"]
[Round "1"]
[White "Gulamirian, Korun"]
[Black "Tifferet, Shakked"]
[Result "0-1"]
[Board "302"]
[TimeControl "180+1"]
[WhiteFideId "4144899"]
[BlackFideId "2811529"]
[WhiteElo "1558"]
[BlackElo "2534"]
[WhiteTeam "RUS"]
[BlackTeam "ISR"]
[WhiteClock "0:00:00"]
[BlackClock "0:02:09"]

1. e4 c5 2. Nf3 d6 3. d4 cxd4 4. Nxd4 Nf6 5. Nc3 e5 6. Nb3 Be6 7. Be3 Be7 8. f3 O-O 9. Qd2 a5 10. a3 a4 11. Nc1 d5 12. exd5 Nxd5 13. Nxd5 Bxd5 14. Bd3 f5 15. O-O Nc6 16. c3 e4 17. fxe4 fxe4 18. Bb5 Rxf1+ 19. Bxf1 Na5 20. Qd4 Bf6 21. Qb6 Nc4 22. Bxc4 Bxc4 23. Qxd8+ Rxd8 24. Na2 Bxa2 25. Rxa2 Rd1+ 26. Kf2 Rb1 27. g3 Kf7 28. h4 Ke6 29. Bd4 Bxd4+ 30. cxd4 Kd5 31. Ke3 Kc4 0-1

[Event "January 2 Early 2024"]
[Site "https://www.chess.com"]
[Date "2024.01.02"]
[Round "2"]
[White "Gullaksen, Eirik"]
[Black "Carlsen, Magnus"]
[Result "0-1"]
[Board "1"]
[TimeControl "180+1"]
[WhiteFideId "1500945"]
[BlackFideId "1503014"]
[WhiteElo "2676"]
[BlackElo "3366"]
[WhiteTeam "NOR"]
[BlackTeam "NOR"]
[WhiteClock "0:01:36"]
[BlackClock "0:02:09"]

1. e4 a6 2. d4 h6 3. Nc3 b5 4. Bd3 e6 5. Be3 Bb7 6. f4 c5 7. dxc5 Qc7 8. Nf3 Bxc5 9. Qe2 Bxe3 10. Qxe3 Nf6 11. a3 Nc6 12. O-O d6 13. Rae1 Ne7 14. Kh1 O-O 15. Qf2 Ng6 16. Qg3 Nh5 17. Qg4 Nhxf4 18. Ne2 Nxd3 19. cxd3 d5 20. Ng3 dxe4 21. dxe4 Qf4 22. Qxf4 Nxf4 23. Ne5 g5 24. Rd1 Rfd8 25. Nd7 Kg7 26. Rf2 Bc6 27. Rfd2 Rxd7 28. Rxd7 Bxd7 29. Rxd7 Rc8 30. h3 Rc1+ 31. Kh2 Rc2 32. Nf1 Rxg2+ 33. Kh1 Rxb2 34. Ra7 Rb1 35. Kg1 Nxh3+ 36. Kg2 Nf4+ 37. Kf2 Rb2+ 38. Kf3 Rb3+ 39. Kg4 Kg6 0-1

[Event "January 2 Early 2024"]
[Site "https://www.chess.com"]
[Date "2024.01.02"]
[Round "2"]
[White "Nakamura, Hikaru"]
[Black "Weetik, Vjacheslav"]
[Result "1-0"]
[Board "2"]
[TimeControl "180+1"]
[WhiteFideId "2016192"]
[BlackFideId "4153472"]
[WhiteElo "3238"]
[BlackElo "2676"]
[WhiteTeam "USA"]
[BlackTeam "RUS"]
[WhiteClock "0:00:15"]
[BlackClock "0:00:01"]

1. g3 e5 2. c4 Nf6 3. Bg2 d5 4. cxd5 Nxd5 5. Nc3 Nb6 6. e3 Nc6 7. Nge2 Be7 8. O-O O-O 9. f4 Qd3 10. Be4 Qd6 11. f5 Nd7 12. g4 Nf6 13. Bf3 h6 14. a3 Rd8 15. Ng3 Qd3 16. Be2 Qd7 17. Bf3 b6 18. b4 Bb7 19. Rf2 Rab8 20. h4 e4 21. Be2 Nh7 22. Ngxe4 Bxh4 23. Rh2 Be7 24. d4 Ng5 25. Nxg5 Bxg5 26. Bf3 Qe7 27. Ne4 Ne5 28. Bg2 Nc4 29. Nxg5 Qxg5 30. Qe2 Bxg2 31. Rxg2 b5 32. e4 Qf6 33. e5 Qc6 34. g5 Qd5 35. Be3 Nxe3 36. Qxe3 Qxd4 37. Qxd4 Rxd4 38. gxh6 g6 39. e6 Kh7 40. exf7 gxf5 41. Rf1 Rf8 42. Rxf5 Rd7 43. Rgf2 Kxh6 44. R5f3 Kg6 45. Rg3+ 1-0

[Event "January 2 Early 2024"]
[Site "https://www.chess.com"]
[Date "2024.01.02"]
[Round "2"]
[White "Vachier-Lagrave, Maxime"]
[Black "Hamitevici, Vladimir"]
[Result "1-0"]
[Board "3"]
[TimeControl "180+1"]
[WhiteFideId "623539"]
[BlackFideId "13902393"]
[WhiteElo "3188"]
[BlackElo "2675"]
[WhiteTeam "FRA"]
[BlackTeam "MDA"]
[WhiteClock "0:01:11"]
[BlackClock "0:00:05"]

1. e4 g6 2. d4 d6 3. Nc3 c6 4. a4 a5 5. Bc4 Nf6 6. Qe2 d5 7. exd5 cxd5 8. Bb5+ Nc6 9. h3 Bg7 10. Nf3 O-O 11. O-O Bf5 12. Rd1 Nb4 13. Ne1 Rc8 14. Bf4 Ne8 15. g4 Bd7 16. Bxd7 Qxd7 17. Nb5 Nf6 18. c3 Nc6 19. Nd3 b6 20. Rf1 Rfe8 21. Rae1 Ne4 22. f3 Nf6 23. Qh2 Na7 24. Ne5 Qb7 25. Nxa7 Qxa7 26. Qe2 Nd7 27. Qb5 Bxe5 28. Bxe5 Qb7 29. Re3 Qc6 30. Qxc6 Rxc6 31. Bg3 f6 32. f4 Kf7 33. Ra1 h5 34. Kg2 Rh8 35. Re2 Re6 36. Rxe6 Kxe6 37. Kf3 hxg4+ 38. hxg4 f5 39. g5 Kd6 40. b3 Nb8 41. Kg2 Nc6 42. Bf2 Kd7 43. Rb1 e6 44. b4 axb4 45. cxb4 Ra8 46. b5 Ne7 47. Ra1 Nc8 48. Be1 Nd6 49. Bc3 Rc8 50. Bb4 Rc4 51. Bxd6 Kxd6 52. a5 bxa5 53. Rxa5 Rxd4 54. Ra6+ Kc5 55. Rxe6 Rxf4 56. b6 Rb4 57. Rxg6 d4 58. Kf3 Rb3+ 59. Ke2 Kd5 60. Kd2 Ke4 61. Re6+ Kd5 62. Rh6 Ke4 63. Kc2 Rb5 64. g6 d3+ 65. Kc3 Rxb6 66. g7 Rxh6 67. g8=Q Rc6+ 68. Kd2 Rc2+ 69. Kd1 Re2 70. Qc4+ Ke3 71. Qe6+ Kf4 72. Qd5 Ke3 73. Qe5+ Kf3 74. Qxf5+ Ke3 75. Qe5+ Kf3 76. Qd4 Re3 77. Kd2 Re2+ 78. Kxd3 Rf2 79. Qe4+ Kg3 80. Ke3 Rg2 81. Qf4+ Kh3 82. Qh6+ Kg3 83. Qh5 Rg1 84. Qg5+ Kh2 85. Qh4+ Kg2 86. Ke2 Rb1 87. Qg4+ Kh2 88. Qh5+ Kg1 89. Qg6+ Kh1 90. Qxb1+ Kg2 91. Qg6+ 1-0

[Event "January 2 Early 2024"]
[Site "https://www.chess.com"]
[Date "2024.01.02"]
[Round "2"]
[White "Vlassov, Nikolai"]
[Black "Firouzja, Alireza"]
[Result "0-1"]
[Board "4"]
[TimeControl "180+1"]
[WhiteFideId "4103360"]
[BlackFideId "12573981"]
[WhiteElo "2674"]
[BlackElo "3160"]
[WhiteTeam "FID"]
[BlackTeam "FRA"]
[WhiteClock "0:00:01"]
[BlackClock "0:01:36"]

1. e4 c5 2. c3 Nf6 3. e5 Nd5 4. d4 cxd4 5. cxd4 d6 6. Bc4 e6 7. Nf3 Be7 8. O-O O-O 9. Qe2 Bd7 10. Qe4 Bc6 11. Bd3 g6 12. Bh6 Nb4 13. Qe2 Re8 14. Rd1 Nxd3 15. Qxd3 Nd7 16. Bf4 dxe5 17. dxe5 Qb6 18. Nc3 Rad8 19. Nd4 Qxb2 20. Nxc6 bxc6 21. Rab1 Qa3 22. Ne4 Qxd3 23. Rxd3 Nc5 24. Rxd8 Rxd8 25. Nf6+ Kg7 26. Be3 Nd3 27. f4 c5 28. Rb7 Bxf6 29. exf6+ Kxf6 30. Rxa7 Rc8 31. Kf1 c4 32. Ke2 e5 33. fxe5+ Ke6 34. g4 Nxe5 35. h3 c3 36. Kd1 c2+ 37. Ke2 c1=Q 0-1

[Event "January 2 Early 2024"]
[Site "https://www.chess.com"]
[Date "2024.01.02"]
[Round "2"]
[White "Aldokhin, Ivan"]
[Black "Aronian, Levon"]
[Result "1-0"]
[Board "6"]
[TimeControl "180+1"]
[WhiteFideId "24115720"]
[BlackFideId "13300474"]
[WhiteElo "2667"]
[BlackElo "3116"]
[WhiteTeam "RUS"]
[BlackTeam "USA"]
[WhiteClock "0:00:07"]
[BlackClock "0:00:13"]

1. e4 c5 2. Nf3 e6 3. d4 cxd4 4. Nxd4 Nc6 5. Nc3 Qc7 6. Nxc6 bxc6 7. Bd3 d5 8. Qe2 Nf6 9. Bg5 d4 10. Nb1 Qa5+ 11. Bd2 Qb6 12. Bc1 Nd7 13. O-O Ne5 14. f4 Nxd3 15. cxd3 Ba6 16. Nd2 Be7 17. e5 c5 18. b3 Qc6 19. Ne4 O-O 20. Rf3 Rac8 21. Bd2 Bb7 22. Rh3 g6 23. Rf1 Qa6 24. Nf6+ Bxf6 25. exf6 Qxa2 26. Qf2 Rfd8 27. Rxh7 Qxd2 28. Rg7+ Kf8 29. Qxd2 Rd5 30. f5 exf5 31. Qh6 Ke8 32. Re1+ Kd7 33. Rxf7+ Kc6 34. Re6+ Kb5 35. Rxb7+ 1-0

[Event "January 2 Early 2024"]
[Site "https://www.chess.com"]
[Date "2024.01.02"]
[Round "2"]
[White "Paravyan, David"]
[Black "Injac, Teodora"]
[Result "1-0"]
[Board "7"]
[TimeControl "180+1"]
[WhiteFideId "4194985"]
[BlackFideId "932400"]
[WhiteElo "3097"]
[BlackElo "2663"]
[WhiteTeam "FID"]
[BlackTeam "SRB"]
[WhiteClock "0:00:39"]
[BlackClock "0:00:03"]

1. e4 e5 2. Nf3 Nc6 3. Bc4 Bc5 4. d3 Nf6 5. Nc3 d6 6. Na4 Bb6 7. c3 h6 8. h3 Ne7 9. O-O Ng6 10. Re1 O-O 11. Nxb6 axb6 12. a4 Be6 13. Bxe6 fxe6 14. b4 Qe8 15. Ra2 Nh5 16. g3 Nf6 17. c4 Rf7 18. Be3 Qd7 19. Kg2 Raf8 20. Nh2 d5 21. Ng4 Nxg4 22. Qxg4 Kh7 23. cxd5 exd5 24. Qxd7 Rxd7 25. exd5 Rxd5 26. Rc1 c6 27. Bxb6 Rxd3 28. a5 Ra8 29. Rb2 Ne7 30. b5 cxb5 31. Rc7 Nd5 32. Rxb7 b4 33. Bc5 b3 34. Bd6 Rxa5 35. Bf8 Ra2 36. Rxg7+ Kh8 37. Rxa2 bxa2 38. Ra7 Rd2 39. Bxh6 Kg8 40. Bxd2 1-0

[Event "January 2 Early 2024"]
[Site "https://www.chess.com"]
[Date "2024.01.02"]
[Round "2"]
[White "Guerra Tulcan, Lenin"]
[Black "So, Wesley"]
[Result "0-1"]
[Board "8"]
[TimeControl "180+1"]
[WhiteFideId "3601382"]
[BlackFideId "5202213"]
[WhiteElo "2662"]
[BlackElo "3083"]
[WhiteTeam "ECU"]
[BlackTeam "USA"]
[WhiteClock "0:00:00"]
[BlackClock "0:00:15"]

1. e4 c5 2. Nf3 d6 3. b4 cxb4 4. a3 bxa3 5. Bxa3 Nf6 6. Bd3 g6 7. O-O Bg7 8. c3 O-O 9. Re1 b6 10. Bc2 Bb7 11. d4 Qc7 12. h3 Rc8 13. e5 dxe5 14. dxe5 Ne8 15. e6 f5 16. Ba4 Bc6 17. Bb3 Rd8 18. Nd4 Bd5 19. Bxd5 Rxd5 20. Qf3 Nf6 21. Nd2 a6 22. Rad1 Ra7 23. Bb2 b5 24. c4 bxc4 25. Rc1 Qd8 26. Rxc4 Rc7 27. Rec1 Rxc4 28. Rxc4 Ne4 29. Nxe4 Bxd4 30. Nc3 Rd6 31. Qe2 Bf6 32. Ba3 Rd4 33. g3 Kg7 34. Kg2 Rxc4 35. Qxc4 Qa5 36. Bb4 Qb6 37. Nd5 Qxe6 38. Ne3 Qxc4 39. Nxc4 Nc6 40. Bc5 Kf7 41. f4 Ke6 42. Kf3 Kd5 0-1

[Event "January 2 Early 2024"]
[Site "https://www.chess.com"]
[Date "2024.01.02"]
[Round "2"]
[White "Martinez Alcantara, Jose Eduardo"]
[Black "Tan, Jun Ying"]
[Result "1-0"]
[Board "9"]
[TimeControl "180+1"]
[WhiteFideId "3805662"]
[BlackFideId "5710413"]
[WhiteElo "3073"]
[BlackElo "2662"]
[WhiteTeam "PER"]
[BlackTeam "MAS"]
[WhiteClock "0:01:22"]
[BlackClock "0:00:07"]

1. e4 c6 2. d4 d5 3. e5 Bf5 4. h4 h5 5. Bd3 Bxd3 6. Qxd3 Qa5+ 7. b4 Qxb4+ 8. Nd2 Qb5 9. c4 Qa6 10. Ne2 e6 11. O-O Nh6 12. Ng3 Be7 13. Nxh5 Nf5 14. g4 Nxh4 15. Rb1 Kf8 16. Qg3 Nd7 17. cxd5 cxd5 18. Nf3 Nxf3+ 19. Qxf3 Nb6 20. Be3 Rc8 21. Kg2 Kg8 22. Rh1 Qd3 23. Nxg7 Rxh1 24. Rxh1 Qe4 25. Nh5 Qxf3+ 26. Kxf3 Rc2 27. g5 Nc4 28. g6 fxg6 29. Nf4 Nxe3 30. fxe3 Rxa2 31. Nxe6 Kf7 32. Nf4 Ra5 33. Rh7+ Ke8 34. Nxg6 Bg5 35. e6 Ra6 36. Rh8# 1-0

[Event "January 2 Early 2024"]
[Site "https://www.chess.com"]
[Date "2024.01.02"]
[Round "2"]
[White "Spata, German"]
[Black "Sadhwani, Raunak"]
[Result "0-1"]
[Board "10"]
[TimeControl "180+1"]
[WhiteFideId "113026"]
[BlackFideId "35093487"]
[WhiteElo "2661"]
[BlackElo "3069"]
[WhiteTeam "ARG"]
[BlackTeam "IND"]
[WhiteClock "0:00:00"]
[BlackClock "0:00:36"]

1. Nf3 Nc6 2. d4 e6 3. Bf4 Nf6 4. e3 d5 5. c4 dxc4 6. Bxc4 Bd6 7. Bg3 O-O 8. O-O Qe7 9. Nbd2 e5 10. dxe5 Nxe5 11. Be2 Nxf3+ 12. Nxf3 Bxg3 13. hxg3 c5 14. Qc2 b6 15. a3 Bb7 16. Rad1 g6 17. Qc3 Rfe8 18. b4 Rac8 19. bxc5 Rxc5 20. Qb2 Ne4 21. Rc1 Rec8 22. Rxc5 Qxc5 23. Nd4 Nc3 24. Bf3 Ba6 25. Rc1 Na4 26. Rxc5 Nxb2 27. Rxc8+ Bxc8 28. Nc6 Bd7 29. Nxa7 Nc4 30. Bc6 Bxc6 31. Nxc6 Nxa3 32. Kf1 f5 33. Ke2 Kf7 34. Kd3 Ke6 35. f3 Nb5 36. Nb4 Nd6 37. Kd4 Nb5+ 38. Kd3 Nc7 39. Kd4 h5 40. e4 fxe4 41. Kxe4 Kd6 42. Nd3 Nd5 43. Ne5 Nc3+ 44. Kd4 Ne2+ 45. Ke4 Nxg3+ 46. Kf4 g5+ 0-1

[Event "January 2 Early 2024"]
[Site "https://www.chess.com"]
[Date "2024.01.02"]
[Round "2"]
[White "Caruana, Fabiano"]
[Black "Iskusnyh, Sergei"]
[Result "1-0"]
[Board "11"]
[TimeControl "180+1"]
[WhiteFideId "2020009"]
[BlackFideId "4120027"]
[WhiteElo "3045"]
[BlackElo "2659"]
[WhiteTeam "USA"]
[BlackTeam "RUS"]
[WhiteClock "0:01:40"]
[BlackClock "0:00:07"]

1. c4 c5 2. Nf3 g6 3. Nc3 Bg7 4. d4 cxd4 5. Nxd4 Nc6 6. e3 Nf6 7. Be2 O-O 8. Nc2 d6 9. O-O Be6 10. e4 Rc8 11. Be3 Ne5 12. b3 b5 13. Nxb5 Nxe4 14. f3 a6 15. fxe4 axb5 16. cxb5 Ng4 17. Bxg4 Bxg4 18. Qd2 Bxa1 19. Rxa1 Qc7 20. Nb4 Bd7 21. Nd5 Qd8 22. a4 Be6 23. a5 f5 24. b6 fxe4 25. b7 Rc5 26. Nf4 Rxf4 27. Bxc5 Qb8 28. a6 Rf5 29. a7 1-0

[Event "January 2 Early 2024"]
[Site "https://www.chess.com"]
[Date "2024.01.02"]
[Round "2"]
[White "Makarian, Rudik"]
[Black "Piesik, Piotr"]
[Result "1-0"]
[Board "12"]
[TimeControl "180+1"]
[WhiteFideId "44105681"]
[BlackFideId "1136194"]
[WhiteElo "3041"]
[BlackElo "2657"]
[WhiteTeam "FID"]
[BlackTeam "CZE"]
[WhiteClock "0:01:58"]
[BlackClock "0:02:03"]

1. d4 Nf6 2. c4 c5 3. d5 b5 4. cxb5 a6 5. e3 e6 6. Nc3 Bb7 7. dxe6 fxe6 8. Nf3 d5 9. bxa6 Nxa6 10. Bb5+ Kf7 11. Ng5+ Ke7 12. O-O Nc7 13. Be2 e5 14. b3 e4 15. Na4 Ne6 16. Nxe6 Kxe6 17. Ba3 Qa5 18. Rc1 Rc8 19. Bg4+ Nxg4 20. Qxg4+ Kf7 21. Qd7+ Be7 22. Qxb7 1-0

[Event "January 2 Early 2024"]
[Site "https://www.chess.com"]
[Date "2024.01.02"]
[Round "2"]
[White "Duda, Jan-Krzysztof"]
[Black "Feuerstack, Aljoscha"]
[Result "1-0"]
[Board "13"]
[TimeControl "180+1"]
[WhiteFideId "1170546"]
[BlackFideId "4681932"]
[WhiteElo "3034"]
[BlackElo "2653"]
[WhiteTeam "POL"]
[BlackTeam "GER"]
[WhiteClock "0:00:47"]
[BlackClock "0:00:02"]

1. Nf3 d5 2. c4 c6 3. g3 Nf6 4. Bg2 g6 5. b3 Bg7 6. Bb2 O-O 7. O-O a5 8. d3 a4 9. b4 Nbd7 10. a3 dxc4 11. dxc4 Nb6 12. Nbd2 Be6 13. Qc2 Bf5 14. Qc3 Qc7 15. e4 Be6 16. c5 Nbd7 17. Ng5 Nh5 18. Qc2 Bxb2 19. Nxe6 fxe6 20. Qxb2 Qe5 21. Qa2 Rad8 22. Rad1 Ng7 23. Nc4 Qc3 24. Rc1 Qf6 25. f4 Qd4+ 26. Qf2 Nf6 27. e5 Ng4 28. Qxd4 Rxd4 29. Bf3 Nh6 30. Na5 Rb8 31. Bxc6 Rd3 32. Bxb7 1-0

[Event "January 2 Early 2024"]
[Site "https://www.chess.com"]
[Date "2024.01.02"]
[Round "2"]
[White "Lizak, Peter"]
[Black "Sarana, Alexey"]
[Result "0-1"]
[Board "14"]
[TimeControl "180+1"]
[WhiteFideId "731595"]
[BlackFideId "24133795"]
[WhiteElo "2653"]
[BlackElo "3034"]
[WhiteTeam "HUN"]
[BlackTeam "SRB"]
[WhiteClock "0:00:00"]
[BlackClock "0:01:52"]

1. d4 Nf6 2. Nc3 d5 3. Bf4 e6 4. e3 Bb4 5. a3 Ba5 6. Bd3 Nbd7 7. b4 Bb6 8. Na4 c6 9. Nxb6 axb6 10. c4 Nf8 11. Nf3 Nh5 12. Bg5 f6 13. Bh4 Ng6 14. Bg3 Nxg3 15. hxg3 O-O 16. Rxh7 Kxh7 17. Nh4 f5 18. Qh5+ Kg8 19. Nxg6 Qe8 20. Qh8+ Kf7 21. Qxf8+ Qxf8 22. Nxf8 Kxf8 23. Kd2 Kf7 24. Kc3 Kf6 25. Kb2 Bd7 26. Rh1 Rc8 27. c5 bxc5 28. bxc5 Ra8 29. Bc2 e5 30. dxe5+ Kxe5 31. Rh7 Kf6 32. Rh4 Ra5 33. Rb4 Bc8 34. g4 fxg4 35. Rf4+ Ke7 36. e4 Rb5+ 37. Kc1 g5 0-1

[Event "January 2 Early 2024"]
[Site "https://www.chess.com"]
[Date "2024.01.02"]
[Round "2"]
[White "Mamedyarov, Shakhriyar"]
[Black "Cordoba Roa, Angel Gabriel"]
[Result "1-0"]
[Board "15"]
[TimeControl "180+1"]
[WhiteFideId "13401319"]
[BlackFideId "3957624"]
[WhiteElo "3033"]
[BlackElo "2653"]
[WhiteTeam "AZE"]
[BlackTeam "COL"]
[WhiteClock "0:01:03"]
[BlackClock "0:00:21"]

1. d4 Nf6 2. Bg5 e6 3. e4 h6 4. Bxf6 Qxf6 5. Nc3 Bb4 6. Qd3 c5 7. e5 Qd8 8. d5 exd5 9. Qxd5 Nc6 10. Ne2 O-O 11. f4 Re8 12. O-O-O d6 13. Qxd6 Qa5 14. Qd3 Be6 15. Qb5 Rad8 16. Qxa5 Bxa5 17. Rxd8 Rxd8 18. a3 g5 19. g3 Nd4 20. Ne4 Bf5 21. Nf6+ Kg7 22. Nxd4 Rxd4 23. c3 Rd8 24. Bg2 b5 25. Be4 Be6 26. Rd1 Rc8 27. f5 Bb3 28. Rd7 b4 29. Bd5 Bxd5 30. Nxd5 bxa3 31. bxa3 Rd8 32. Rxd8 Bxd8 33. Kd2 c4 34. Ke3 g4 35. Kd4 Bg5 36. Kxc4 Bd2 37. Kb5 Be1 38. c4 Kf8 39. c5 Ke8 40. c6 Kd8 41. c7+ Kc8 42. Kc6 1-0

[Event "January 2 Early 2024"]
[Site "https://www.chess.com"]
[Date "2024.01.02"]
[Round "2"]
[White "Radjabov, Teimour"]
[Black "Tanriverdi, Enes"]
[Result "1-0"]
[Board "16"]
[TimeControl "180+1"]
[WhiteFideId "13400924"]
[BlackFideId "34543279"]
[WhiteElo "3029"]
[BlackElo "2653"]
[WhiteTeam "AZE"]
[BlackTeam "TUR"]
[WhiteClock "0:00:26"]
[BlackClock "0:00:03"]

1. Nf3 Nf6 2. c4 c5 3. Nc3 g6 4. e3 Bg7 5. d4 cxd4 6. exd4 d5 7. cxd5 Nxd5 8. Bb5+ Bd7 9. Bc4 Nb6 10. Bb3 O-O 11. O-O Nc6 12. h3 Na5 13. Bc2 Rc8 14. Re1 Nac4 15. Bb3 Bf5 16. Qe2 Re8 17. Bg5 Qd7 18. Rad1 a5 19. a4 Qd6 20. Ne5 Qb4 21. Bxc4 Nxc4 22. Nd5 Qxa4 23. Nxe7+ Rxe7 24. Bxe7 b5 25. Nxc4 bxc4 26. Qd2 h5 27. Bd6 Qb3 28. Be5 Bf8 29. Qg5 Qb6 30. d5 Bc5 31. d6 Bxf2+ 32. Kh1 Bxe1 33. Qf6 Kf8 34. Qh8# 1-0

[Event "January 2 Early 2024"]
[Site "https://www.chess.com"]
[Date "2024.01.02"]
[Round "2"]
[White "Jakubowski, Krzysztof"]
[Black "Xiong, Jeffery"]
[Result "0-1"]
[Board "17"]
[TimeControl "180+1"]
[WhiteFideId "1112848"]
[BlackFideId "2047640"]
[WhiteElo "2652"]
[BlackElo "3025"]
[WhiteTeam "POL"]
[BlackTeam "USA"]
[WhiteClock "0:00:00"]
[BlackClock "0:00:29"]

1. e4 c5 2. Nf3 d6 3. d4 cxd4 4. Nxd4 Nf6 5. Nc3 a6 6. h4 Nbd7 7. g4 h6 8. Rg1 g6 9. Be3 Bg7 10. Qd2 b5 11. f3 Bb7 12. O-O-O Nb6 13. a3 Rc8 14. Kb1 Nfd7 15. f4 Nc4 16. Bxc4 Rxc4 17. h5 Nc5 18. hxg6 Nxe4 19. gxf7+ Kxf7 20. Nxe4 Bxe4 21. Ka1 Qd7 22. c3 a5 23. Qe2 d5 24. g5 b4 25. gxh6 Rxh6 26. f5 Rh7 27. Ne6 bxc3 28. Qxc4 cxb2+ 29. Ka2 b1=Q+ 30. Rxb1 dxc4 31. Ng5+ Kf6 32. Nxe4+ Kxf5 33. Ng3+ Ke6 34. Rbd1 Rh2+ 0-1